 Dungeon Crawl Stone Soup version 0.28-a0-938-gbc3f381ebc (webtiles) character file.

Game seed: 5028237415467316853

416 enile the Magician (level 7, -1/51 HPs)
             Began as a Djinni Ice Elementalist on Nov 28, 2021.
             Was an Initiate of Qazlal.
             Slain by Dowan (2 damage)
             ... on level 5 of the Dungeon.
             The game lasted 00:12:45 (5293 turns).

enile the Magician (Djinni Ice Elementalist)        Turns: 5293, Time: 00:12:45

Health: -1/51      AC:  3    Str:  7    XL:     7   Next: 15%
Gold:   252        EV: 12    Int: 18    God:    Qazlal [......] SH:  0 Dex: 14

rFire   + + +      SeeInvis .   f - +0 dagger
rCold   x . .      Faith    .   (no shield)
rNeg    . . .      Spirit   .   h - +0 leather armour
rPois   ∞          Reflect  .   (no helmet)
rElec   .          Harm     .   (no cloak)
rCorr   .          Rampage  .   (no gloves)
Will    .....                   (boots unavailable)
Stlth   ++........              (no amulet)
HPRegen 0.17/turn               m - ring of protection from fire
MPRegen 0.00/turn               (no ring)

@: confusing by touch, flying, very slightly contaminated
A: sickness immunity, fire resistance 2, cold vulnerability 1, float, innate
caster, hp casting, extra vitality 1
a: Renounce Religion


You were on level 5 of the Dungeon.
You worshipped Qazlal.
Qazlal was noncommittal.
You visited 1 branch of the dungeon, and saw 5 of its levels.

You collected 252 gold pieces.

Inventory:

Hand Weapons
 f - a +0 dagger (weapon)
 r - a +0 long sword
Missiles
 s - 3 poisoned darts
Armour
 a - a +0 robe
 h - a +0 leather armour (worn)
 o - a +1 plate armour of cold resistance
Jewellery
 m - a ring of protection from fire (left hand)
 p - an amulet of the acrobat
Wands
 n - a wand of polymorph (5)
Scrolls
 b - 2 scrolls of brand weapon {unknown}
 c - a scroll of magic mapping {unknown}
 e - 5 scrolls of identify {unknown}
 g - a scroll of fog {unknown}
 i - a scroll of summoning {unknown}
 j - a scroll of blinking {unknown}
 k - 2 scrolls of teleportation {unknown}
Potions
 d - a potion of berserk rage {unknown}
 l - 2 potions of might {unknown}
 q - a potion of degeneration {unknown}


   Skills:
 + Level 3.8 Fighting
 - Level 2.0 Short Blades
 - Level 2.0 Armour
 - Level 3.0 Dodging
 - Level 2.0 Stealth
 - Level 4.0 Spellcasting
 - Level 2.0 Invocations


You couldn't memorise any spells.
You knew the following spells:

 Your Spells              Type           Power      Damage    Failure   Level
a - Freeze                Ice            72%        1d9       4%          1
b - Frozen Ramparts       Ice            36%        1d5       12%         3
c - Ozocubu's Armour      Ice            18%        N/A       12%         3
d - Hailstorm             Conj/Ice       18%        3d6       38%         4
e - Animate Skeleton      Necr           36%        N/A       4%          1
f - Searing Ray           Conj           36%        2d5       6%          2
g - Confusing Touch       Hex            18%        N/A       12%         3
Your spell library was empty.

Dungeon Overview and Level Annotations

Branches:
Dungeon (5/15)
 Temple: D:4-7

Altars:
Cheibriados
Hepliaklqana
Okawaru
Qazlal
Sif Muna
Trog
Uskayaw
Zin
The Shining One

Annotations:
D:5 Dowan


Innate Abilities, Weirdness & Mutations

You are immune to sickness and miasma.
You are immune to poison.
Your flesh is very heat resistant. (rF++)
You are vulnerable to cold. (rC-)
You float through the air rather than walking.
You learn spells naturally, not from books.
Your magical power is your life essence.
You have superior vitality. (+4 HP)


Message History

The searing ray misses Dowan. (Press . to maintain the ray.) Dowan mumbles some strange words.
Dowan blinks!
Restarting spell: Searing Ray (safe; 6% risk of failure)
Press: ? - help, Q - select action, (/) - cycle Shift-Dir - straight line, f/p - Dowan
Aim: Dowan, wielding a +0 dagger and wearing a +0 robe (moderately wounded, fast, 69% to hit)
The searing ray hits Dowan.
Dowan is heavily wounded. (Press . to maintain the ray.) Restarting spell: Searing Ray (safe; 6% risk of failure)
Press: ? - help, Q - select action, (/) - cycle Shift-Dir - straight line, f/p - Dowan
Aim: Dowan, wielding a +0 dagger and wearing a +0 robe (heavily wounded, fast, 69% to hit)
The searing ray misses Dowan. (Press . to maintain the ray.)
You closely miss Dowan.
Dowan is heavily wounded.
Dowan gestures at you while chanting. The stone arrow hits you!
Casting: Searing Ray (safe; 6% risk of failure)
Confirm with . or Enter, or press ? or * to list all spells.
You miscast Confusing Touch.
You are very lightly contaminated with residual magic.
Nothing appears to happen.
Dowan hits you with a +0 dagger. Dowan misses you.
Casting: Confusing Touch (dangerous; 12% risk of failure)
Confirm with . or Enter, or press ? or * to list all spells.
You miscast Confusing Touch.
Nothing appears to happen.
Dowan hits you with a +0 dagger!
* * * LOW HITPOINT WARNING * * *
Casting: Confusing Touch (dangerous; 12% risk of failure)
Confirm with . or Enter, or press ? or * to list all spells.
Your hands begin to glow red.
* * * LOW HITPOINT WARNING * * *
Dowan hits you with a +0 dagger.
* * * LOW HITPOINT WARNING * * *
Dowan hits you with a +0 dagger.
* * * LOW HITPOINT WARNING * * *
Unknown command.
Dowan hits you with a +0 dagger.
You die...

.###. ....#
...### # ...#.
##.###...
#.......#
#.......## #.@.#
### ##.#e## ..
#..#<.## .#
#[##...####.#
#.##..†.....#
#.###.....!.#
#...####....###.#
###.####......>.#
#...##....###.#


You could see Dowan (fast).

Vanquished Creatures
  Duvessa (D:5)
  A kobold brigand (D:4)
  A centaur skeleton (D:4)
  An iguana (D:4)
  An orc wizard (D:2)
  Natasha (thrice) (D:2)
  3 adders
  An ufetubus (D:4)
  3 worms
  2 dart slugs
  2 orcs (D:2)
  2 endoplasms
  6 giant cockroaches
  6 goblins
  4 hobgoblins
  A quokka (D:1)
  7 ball pythons
  5 bats
  A frilled lizard (D:1)
  A jackal skeleton (D:4)
  3 kobolds
  3 rats
58 creatures vanquished.

Vanquished Creatures (others)
  A plant (D:1)
1 creature vanquished.

Grand Total: 59 creatures vanquished

Notes
Turn   | Place    | Note
-------+----------+-------------------------------------------
     0 | D:1      | enile the Djinni Ice Elementalist began the quest for the
                  | Orb.
     0 | D:1      | Reached XP level 1. HP: 15/15 MP: 0/0
   105 | D:1      | Reached skill level 1 in Fighting
   358 | D:1      | Reached XP level 2. HP: 21/22 MP: 0/0
  1214 | D:2      | Noticed Natasha
  1221 | D:2      | Killed Natasha
  1222 | D:2      | Reached XP level 3. HP: 11/28 MP: 0/0
  1222 | D:2      | Learned a level 1 spell: Animate Skeleton
  1260 | D:2      | Noticed Natasha
  1412 | D:2      | Killed Natasha
  1413 | D:2      | Reached skill level 4 in Spellcasting
  1413 | D:2      | Reached XP level 4. HP: 17/33 MP: 0/0
  1727 | D:2      | Noticed Natasha
  1735 | D:2      | Killed Natasha
  1736 | D:2      | Reached skill level 1 in Short Blades
  1736 | D:2      | Reached XP level 5. HP: 11/38 MP: 0/0
  1736 | D:2      | Learned a level 2 spell: Searing Ray
  1951 | D:2      | HP: 1/38 [something/magic dart (6)]
  2881 | D:3      | Found a glowing golden altar of the Shining One.
  2905 | D:3      | Found a bloodstained altar of Trog.
  2905 | D:3      | Found a glowing silver altar of Zin.
  2910 | D:3      | Found a hide-covered altar of Uskayaw.
  2913 | D:3      | Found a stormy altar of Qazlal.
  2918 | D:3      | Found a hazy altar of Hepliaklqana.
  2921 | D:3      | Found an iron altar of Okawaru.
  2925 | D:3      | Found a snail-covered altar of Cheibriados.
  2952 | D:3      | Became a worshipper of Qazlal Stormbringer
  3978 | D:4      | Reached skill level 1 in Invocations
  3978 | D:4      | Reached XP level 6. HP: 38/46 MP: 0/0
  4116 | D:4      | HP: 2/46 [centaur skeleton (4)]
  4500 | D:4      | Reached skill level 1 in Armour
  4856 | D:5      | Entered Level 5 of the Dungeon
  4856 | D:5      | Noticed Duvessa
  4856 | D:5      | Noticed Dowan
  4872 | D:5      | Killed Duvessa
  5096 | D:4      | Reached XP level 7. HP: 20/51 MP: 0/0
  5096 | D:4      | Learned a level 3 spell: Confusing Touch
  5291 | D:5      | HP: 1/51 [Dowan (5)]
  5293 | D:5      | Slain by Dowan

Illustrated notes

Levels and vault maps discovered:
D:1:      erik_arrival_triangle_small, layout_basic, minmay_stone_trees_small,
          serial_bayou_lake_a
D:2:      layout_rooms, corexii_corridor_pit, nrook_mini_vaults, uniq_natasha
D:3:      layout_loops_ring, tso_metal_star,
          nicolae_overflow_hallway_of_the_gods
D:4:      layout_loops_cross
D:5:      layout_rooms, uniq_duvessa, uniq_crazy_yiuf_cottage

Skill      XL: |  1  2  3  4  5  6 |
---------------+-------------------+-----
Fighting       | 1 2 3 |  3.8
Stealth        | 2 |  2.0
Spellcasting   | 4 |  4.0
Short Blades   | 1 2 |  2.0
Invocations    | 1 2 |  2.0
Armour         | 2 |  2.0
Dodging        | 3 |  3.0

Action                   |  1- 3 |  4- 6 |  7- 9 || total
-------------------------+-------+-------+-------++-------
Melee: Dagger            |     6 |    60 |     1 ||    67
       Unarmed           |     1 |       |       ||     1
Throw: Throwing net      |       |     3 |       ||     3
 Cast: Freeze            |    30 |    57 |       ||    87
       Ozocubu's Armour  |       |     5 |       ||     5
       Searing Ray       |       |    33 |     6 ||    39
       Frozen Ramparts   |       |     4 |       ||     4
       Animate Skeleton  |       |     1 |       ||     1
       Confusing Touch   |       |       |     1 ||     1
Evoke: Wand              |       |     2 |       ||     2
  Use: Potion            |       |     2 |       ||     2
 Stab: Sleeping          |       |     1 |       ||     1
       Held in net/web   |       |     1 |       ||     1
Armor: Robe              |     1 |       |       ||     1
       Leather armour    |     1 |    34 |       ||    35
Dodge: Dodged            |    25 |    87 |     1 ||   113

Table legend: (Time is in decaauts)
 A = Elapsed time spent in this place.
 B = Non-inter-level travel time spent in this place.
 C = Inter-level travel time spent in this place.
 D = Time resting spent in this place.
 E = Time spent auto-exploring this place.
 F = Levels seen in this place.
 G = Mean time per level.
                   A        B        C        D        E       F      G
               +--------+--------+--------+--------+--------+-----+--------+
         Total |   5288 |   5102 |    186 |    330 |   4098 |   5 | 1057.6 |
       Dungeon |   5288 |   5102 |    186 |    330 |   4098 |   5 | 1057.6 |
               +--------+--------+--------+--------+--------+-----+--------+

Top non-repeatable levels by time:
     D:4: 1605 daAuts
     D:2: 1496 daAuts
     D:1: 1200 daAuts
     D:3: 931 daAuts
     D:5: 54 daAuts
